 Dungeon Crawl Stone Soup version 0.18.1-48-g4cf74bf (webtiles) character file.

69 Jerry the Twirler (level 4, -3/37 HPs)
             Began as a Minotaur Gladiator on Aug 4, 2016.
             Killed by divine providence
             ... invoked by an orc priest
              (16 damage)
             ... on level 3 of the Dungeon.
             The game lasted 00:03:06 (1435 turns).

Jerry the Twirler (Minotaur Gladiator)              Turns: 1435, Time: 00:03:06

Health: -3/37      AC:  3    Str: 19    XL:     4   Next: 2%
Magic:  3/3        EV: 12    Int:  5    God:
Gold:   65         SH:  0    Dex: 12    Spells: 0 memorised, 3 levels left

rFire  . . .     SeeInvis .     a - +0 quarterstaff
rCold  . . .     Gourm    .     b - +0 leather armour
rNeg   . . .     Faith    .     (shield currently unavailable)
rPois  .         Spirit   .     c - +0 hat
rElec  .         Dismiss  .     (no cloak)
rCorr  .         Reflect  .     (no gloves)
SustAt .         Harm     .     (no boots)
MR     .....                    (no amulet)
Stlth  +.........               (no ring)
                                (no ring)

@: lethally poisoned (-3 -> -19), not resistant to hostile enchantments, very
unstealthy
A: retaliatory headbutt, horns 2
a: no special abilities


You were on level 3 of the Dungeon.
You were hungry.

You visited 1 branch of the dungeon, and saw 3 of its levels.

You collected 65 gold pieces.

Inventory:

Hand Weapons
 a - a +0 quarterstaff (weapon)
Missiles
 d - 3 throwing nets (quivered)
Armour
 b - a +0 leather armour (worn)
 c - a +0 hat (worn)
Jewellery
 e - an uncursed ring of fire {unknown}
Scrolls
 i - a scroll of immolation {unknown}
 l - a scroll of remove curse {unknown}
 m - a scroll of random uselessness {unknown}
 n - a scroll of magic mapping {unknown}
 o - 2 scrolls of identify {unknown}
Potions
 g - a potion of berserk rage {unknown}
 h - a potion of mutation {unknown}
 j - a potion of ambrosia {unknown}
 k - 2 potions of curing {unknown}
 p - a potion of heal wounds {unknown}
 r - a potion of cancellation {unknown}
Comestibles
 f - 3 bread rations


   Skills:
 - Level 2.4 Fighting
 + Level 5.9 Staves
 - Level 2.0 Throwing
 - Level 3.2 Dodging


You had 3 spell levels left.
You didn't know any spells.

Dungeon Overview and Level Annotations

Branches:
Dungeon (3/15)

Altars:


Innate Abilities, Weirdness & Mutations

You reflexively headbutt those who attack you in melee.
You have a pair of horns on your head.


Message History

The killer bee poisons you! The killer bee stings you.
You are more poisoned.
The killer bee poisons you!
You closely miss the killer bee. Your headbutt misses the killer bee.
You feel sick. The killer bee closely misses you. The killer bee misses you.
You miss the killer bee.
You feel sick. The killer bee barely misses you. You furiously retaliate!
You headbutt the killer bee. The killer bee barely misses you.
You hit the killer bee. Your headbutt misses the killer bee.
The killer bee is moderately wounded.
You feel sick. The killer bee stings you.
You are more poisoned.
The killer bee poisons you! The killer bee closely misses you.
You furiously retaliate!
You headbutt the killer bee. You closely miss the killer bee.
The killer bee is heavily wounded.
You feel sick. The killer bee stings you. The killer bee misses you.
The orc priest mumbles some strange prayers to Beogh against you.
Beogh smites you!
You die...

########
..<....##
......
#####..########
#.....<@yo....g
#.###..########
#..# #..# #..#
#..# ...# ...#


You could see a killer bee, an orc priest and a goblin (wandering).

Vanquished Creatures
  2 adders (D:2)
  3 dart slugs
  2 giant geckos (D:2)
  4 giant cockroaches
  2 goblins
  7 hobgoblins
  2 jackals
  3 kobolds (D:1)
  4 bats
  3 giant newts
  10 rats
42 creatures vanquished.

Notes
Turn   | Place    | Note
--------------------------------------------------------------
     0 | D:1      | Jerry the Minotaur Gladiator began the quest for the Orb.
     0 | D:1      | Reached XP level 1. HP: 18/18 MP: 0/0
   100 | D:1      | Reached skill level 4 in Staves
   226 | D:1      | Reached XP level 2. HP: 25/25 MP: 1/1
   594 | D:1      | Reached skill level 5 in Staves
   662 | D:2      | Reached XP level 3. HP: 11/30 MP: 2/2
  1427 | D:3      | Reached XP level 4. HP: 37/37 MP: 3/3
  1435 | D:3      | Killed from afar by an orc priest

Skill      XL: |  1  2 |
---------------+-------+-----
Staves         | 4 5 |  5.9
Fighting       | |  2.4
Throwing       | |  2.0
Dodging        | |  3.2

Action                   |  1- 3 |  4- 6 || total
-------------------------+-------+-------++-------
Melee: Quarterstaff      |    91 |     7 ||    98
       Headbutt          |    13 |       ||    13
  Eat: Chunk             |     1 |       ||     1
Armor: Leather armour    |    23 |       ||    23
Dodge: Dodged            |    61 |     7 ||    68
